 Dungeon Crawl Stone Soup version 0.20-a0-871-g785f14b (webtiles) character file.

4141 Lindan9 the Cleaver (level 10, -9/76 HPs)
             Began as a Formicid Fighter on Sept 30, 2016.
             Was a Follower of Yredelemnul.
             Mangled by a slime creature (14 damage)
             ... on level 8 of the Dungeon on Mar 15, 2017.
             The game lasted 00:31:34 (7122 turns).

Lindan9 the Cleaver (Formicid Fighter)              Turns: 7122, Time: 00:31:39

Health: -9/76      AC: 17    Str: 25    XL:     10   Next: 52%
Magic:  0/10       EV:  8    Int:  7    God:    Yredelemnul [*.....]
Gold:   408        SH: 13    Dex: 10    Spells: 9/9 levels left

rFire    . . .     SeeInvis +   a - +0 war axe
rCold    . . .     Gourm    .   y - +0 plate armour
rNeg     . . .     Faith    .   c - +1 shield
rPois    .         Spirit   +   (helmet unavailable)
rElec    .         Reflect  .   e - +1 cloak
rCorr    .         Harm     .   n - +0 pair of gloves
MR       ++...                  (no boots)
Stlth    ..........             b - amulet of guardian spirit
Regen    0.3/turn               u - ring of protection from magic
MPRegen  0.2/turn               f - ring of stealth

@: no status effects
A: permanent stasis, dig shafts and tunnels, four strong arms, antennae 3
a: Dig, Shaft Self, Animate Remains, Renounce Religion


You were on level 8 of the Dungeon.
You worshipped Yredelemnul.
Yredelemnul was aware of your devotion.
You were not hungry.

You visited 2 branches of the dungeon, and saw 9 of its levels.

You collected 408 gold pieces.

Inventory:

Hand Weapons
 a - a +0 war axe (weapon)
 i - a +2 short sword of protection
 p - a +4 short sword
Armour
 c - a +1 shield (worn)
 e - a +1 cloak (worn)
 n - a +0 pair of gloves (worn)
 q - a +2 animal skin
 y - a +0 plate armour (worn)
Jewellery
 b - an amulet of guardian spirit (around neck)
 f - a ring of stealth (left hand)
 u - a ring of protection from magic (right hand)
 w - an uncursed ring of protection from magic
 D - a cursed ring of teleportation {unknown}
 F - a cursed ring of teleportation {unknown}
Wands
 x - a wand of paralysis (4/24)
Scrolls
 s - a scroll of magic mapping
 t - 5 scrolls of noise
 B - a scroll of fog {unknown}
 E - a scroll of amnesia
Potions
 d - 2 potions of might
 h - a potion of cancellation
 j - 2 potions of degeneration
 k - a potion of flight
 m - 2 potions of curing
Books
 l - a book of Frost

   Spells                             Type                      Level
   a - Freeze                         Ice                          1
   b - Throw Frost                    Conjuration/Ice              2
   c - Ozocubu's Armour               Charms/Ice                   3
   d - Throw Icicle                   Conjuration/Ice              4
   e - Summon Ice Beast               Ice/Summoning                4
 o - a book of the Earth

   Spells                             Type                      Level
   a - Leda's Liquefaction            Hexes/Earth                  4
   b - Bolt of Magma                  Conjuration/Fire/Earth       5
   c - Statue Form                    Transmutation/Earth          6
   d - Iron Shot                      Conjuration/Earth            6
   e - Shatter                        Earth                        9
 v - a book of Changes

   Spells                             Type                      Level
   a - Beastly Appendage              Transmutation                1
   b - Sticks to Snakes               Transmutation                2
   c - Spider Form                    Transmutation/Poison         3
   d - Ice Form                       Ice/Transmutation            4
   e - Blade Hands                    Transmutation                5
 C - a book of Misfortune

   Spells                             Type                      Level
   a - Confusing Touch                Hexes                        1
   b - Confuse                        Hexes                        3
   c - Gell's Gravitas                Translocation                3
   d - Petrify                        Transmutation/Earth          4
   e - Metabolic Englaciation         Hexes/Ice                    5
   f - Yara's Violent Unravelling     Hexes/Transmutation          5
Comestibles
 g - 4 meat rations
 r - 7 royal jellies
 z - 2 bread rations
 A - 4 fruits


   Skills:
 + Level 6.2 Fighting
 + Level 9.7 Axes
 + Level 7.3 Armour
 + Level 2.0 Dodging
 + Level 1.5 Stealth
 + Level 9.5 Shields


You had 9 spell levels left.
You didn't know any spells.

Dungeon Overview and Level Annotations

Branches:
Dungeon (8/15)             Temple (1/1) D:6
   Lair: D:8-11

Altars:
Ashenzari
Cheibriados
Elyvilon
Fedhas
Kikubaaqudgha
Makhleb
Nemelex Xobeh
Okawaru
Ru
Sif Muna
Trog
Uskayaw
Vehumet
Xom
Yredelemnul
The Shining One

Shops:
D:4 !   D:5 *


Innate Abilities, Weirdness & Mutations

You cannot be hasted, slowed, berserked, paralysed or teleported.
You can dig through walls and to a lower floor.
Your four strong arms can wield two-handed weapons with a shield.
You have a pair of large antennae on your head. (SInv)


Message History

You block the orc warrior's attack. You block the slime creature's attack.
The slime creature hits you!
The slime creature hits you but does no damage.
You barely miss the slime creature.
The slime creature is lightly wounded.
You slash the slime creature!
You completely miss the large slime creature.
You hit the slime creature.
The orc warrior hits you but does no damage.
You block the slime creature's attack. The slime creature hits you.
The large slime creature hits you!!
* * * LOW HITPOINT WARNING * * *
The slime creature closely misses you.
The orc warrior hits you from afar with a halberd!
* * * LOW HITPOINT WARNING * * *
Two slime creatures merge to form a very large slime creature.
The orc wizard looks braver for a moment.
The slime creature hits you!
You die...
Your body rises from the dead as a mindless zombie.

. ## #..........# ..
....###..........# # #.
#...........?...
#.##.########..........)
......................).
..........##..........#)
..........#.............
...(....J...#........#..
.#.##.@J..##.#.........
###J.<...####......
#oo#.### .......#
........ #.#......
...................#
.....................#
.............###....##
...###.......# ####..
... #.J.J...#


You could see a very large slime creature, 2 slime creatures, an orc warrior and
an orc wizard.

Vanquished Creatures
  The ghost of Munq the Thaumaturge, a novice DEFE of Vehumet (D:7)
  Joseph (D:7)
  Prince Ribbit (D:7)
  A hippogriff (D:7)
  A yak (D:7)
  A human (D:7)
  A hungry ghost (D:8)
  3 hogs (D:7)
  Menkaure (D:7)
  An orc warrior (D:7)
  A sky beast (D:5)
  An ogre (D:6)
  3 phantoms (D:4)
  A crocodile (D:7)
  Blork the orc (D:4)
  A bullfrog (D:8)
  A water moccasin skeleton (D:6)
  A wyvern skeleton (D:7)
  5 wights (D:3)
  A howler monkey (D:4)
  2 centaur zombies (D:8)
  2 crimson imps (D:6)
  A quasit (D:7)
  5 orc priests
  4 hounds
  A jelly (D:7)
  9 orc wizards
  Jessica (D:2)
  A centaur skeleton (D:5)
  2 iguanas (D:5)
  2 worker ants
  Robin (D:3)
  A worker ant zombie (D:4)
  7 adders
  3 oozes (D:1)
  2 worms
  A dart slug (D:2)
  2 leopard geckos
  22 orcs
  8 giant cockroaches
  15 goblins
  4 hobgoblins
  13 jackals
  2 quokkas
  2 ball pythons
  9 bats
  5 frilled lizards
  4 kobolds
  2 leopard gecko skeletons (D:4)
  7 rats
168 creatures vanquished.

Notes
Turn   | Place    | Note
-------+----------+-------------------------------------------
     0 | D:1      | Lindan9 the Formicid Fighter began the quest for the Orb.
     0 | D:1      | Reached XP level 1. HP: 18/18 MP: 1/1
     1 | D:1      | Found a runed door.
    25 | D:1      | Reached XP level 2. HP: 21/24 MP: 2/2
    35 | D:1      | Reached XP level 3. HP: 23/29 MP: 3/3
   786 | D:2      | Reached XP level 4. HP: 37/37 MP: 4/4
   921 | D:2      | Noticed Jessica
   923 | D:2      | Found a hide-covered altar of Uskayaw.
   937 | D:2      | Killed Jessica
  1148 | D:2      | Found a snail-covered altar of Cheibriados.
  1687 | D:3      | Reached XP level 5. HP: 42/42 MP: 5/5
  1777 | D:3      | Reached skill level 5 in Shields
  1777 | D:3      | Reached XP level 6. HP: 18/48 MP: 6/6
  1780 | D:3      | Reached skill level 1 in Stealth
  1850 | D:3      | Upgraded the game from 0.19-a0-1720-gc855d72 to 0.20-a0-299-gec7c366
  2179 | D:3      | Reached XP level 7. HP: 21/54 MP: 7/7
  2503 | D:3      | Noticed Robin
  2521 | D:3      | Killed Robin
  2681 | D:4      | Reached skill level 5 in Axes
  2681 | D:4      | Reached skill level 1 in Dodging
  2742 | D:4      | Found Nocab's Distillery.
  2772 | D:4      | Found an iron altar of Okawaru.
  2815 | D:4      | Reached XP level 8. HP: 8/61 MP: 8/8
  3079 | D:4      | Upgraded the game from 0.20-a0-299-gec7c366 to 0.20-a0-871-g785f14b
  3117 | D:4      | Noticed Blork the orc
  3128 | D:4      | Killed Blork the orc
  3378 | D:4      | Found a white marble altar of Elyvilon.
  3479 | D:4      | Reached skill level 5 in Fighting
  3479 | D:4      | Reached skill level 5 in Armour
  3558 | D:5      | Entered Level 5 of the Dungeon
  3614 | D:5      | Found an iron altar of Okawaru.
  3987 | D:5      | Found Utal's General Store.
  4498 | D:6      | Found a staircase to the Ecumenical Temple.
  4508 | Temple   | Entered the Ecumenical Temple
  4538 | Temple   | Became a worshipper of Yredelemnul the Dark
  4766 | D:6      | Reached XP level 9. HP: 50/68 MP: 9/9
  5092 | D:6      | Found a bloodstained altar of Trog.
  5495 | D:7      | Noticed Joseph
  5516 | D:7      | Killed Joseph
  5634 | D:7      | Reached XP level 10. HP: 38/76 MP: 8/10
  5983 | D:7      | Noticed Munq's ghost (novice DEFE)
  6030 | D:7      | Killed Munq's ghost
  6373 | D:7      | Noticed Prince Ribbit
  6373 | D:7      | Noticed Menkaure
  6392 | D:7      | Killed Menkaure
  6817 | D:7      | Killed Prince Ribbit
  7032 | D:8      | Reached * piety under Yredelemnul
  7122 | D:8      | Mangled by a slime creature

Vault maps used:
D:1:      dpeg_arrival_caged_fury
D:2:      old_standard_altar, cheibriados_altar_1, uniq_jessica
D:3:      uniq_robin
D:4:      old_standard_altar, serial_shops, shop, okawaru_ov_weapons_minmay,
          uniq_blork_the_orc
D:5:      kennysheep_mini, first_bread, serial_shops, shop_statue
D:6:      nicolae_overflow_hidden_temple, temple_green
D:7:      minmay_misc_feat_tower, grunt_livestock, uniq_joseph,
          uniq_prince_ribbit1, uniq_menkaure
D:8:      marbit_many_paths
Temple:   minmay_temple_bridge_abc

Skill      XL: |  1  2  3  4  5  6  7  8  9 10 |
---------------+-------------------------------+-----
Shields        | 4 5 7 8 9 |  9.5
Axes           | 3 4 5 7 8 9 |  9.7
Fighting       | 4 5 6 |  6.2
Armour         | 4 5 6 7 |  7.3
Stealth        | 1 |  1.5
Dodging        | 1 2 |  2.0

Action                   |  1- 3 |  4- 6 |  7- 9 | 10-12 || total
-------------------------+-------+-------+-------+-------++-------
Melee: War axe           |    84 |   133 |   363 |   131 ||   711
  Use: Scroll            |     6 |     5 |     9 |       ||    20
       Potion            |       |       |       |     3 ||     3
  Eat: Bread ration      |       |     1 |       |     1 ||     2
       Meat ration       |       |       |     2 |     1 ||     3
       Buggy             |       |       |     1 |       ||     1
       Chunk             |       |       |       |     1 ||     1
Armor: Scale mail        |    36 |    57 |    65 |       ||   158
       Chain mail        |       |       |    18 |       ||    18
       Plate armour      |       |       |    58 |    70 ||   128
Dodge: Dodged            |    24 |    56 |    91 |    35 ||   206
Block: Shield            |    39 |    82 |   224 |    90 ||   435
